[ AOE2 MATCH · #487638660 ]
UnrankedJapanese vs Huns
[ REPLAY ANALYSIS · EXTRACTED FROM THE RECORDED GAME ]
Feudal
11:23
Castle
22:21
Imperial
—
| APM avg | 62.3 |
| APM peak | 127 |
| eAPM avg | 32.3 |
| Villagers / military | 55 / 27 |
Focus
⚔️ 51.1% · 🌾 48.9%
Archer ×17 · Militia ×6 · Spearman ×3 · Mangonel ×1
Feudal
13:29
Castle
—
Imperial
—
| APM avg | 45.3 |
| APM peak | 85 |
| eAPM avg | 20.6 |
| Villagers / military | 47 / 17 |
Focus
⚔️ 18.0% · 🌾 82.0%
Scout Cavalry ×17
Feudal
13:10
Castle
16:42
Imperial
—
| APM avg | 69.0 |
| APM peak | 127 |
| eAPM avg | 33.6 |
| Villagers / military | 65 / 0 |
Focus
⚔️ 31.9% · 🌾 68.1%
Unknown (2579) ×18
Feudal
12:08
Castle
22:28
Imperial
—
| APM avg | 53.8 |
| APM peak | 96 |
| eAPM avg | 27.6 |
| Villagers / military | 62 / 36 |
Focus
⚔️ 49.4% · 🌾 50.6%
Archer ×27 · Militia ×7 · Spearman ×2
Feudal
12:01
Castle
—
Imperial
—
| APM avg | 35.8 |
| APM peak | 63 |
| eAPM avg | 17.7 |
| Villagers / military | 42 / 4 |
Focus
⚔️ 32.9% · 🌾 67.1%
Archer ×4
Feudal
12:03
Castle
16:55
Imperial
—
| APM avg | 51.1 |
| APM peak | 112 |
| eAPM avg | 20.6 |
| Villagers / military | 64 / 21 |
Focus
⚔️ 33.3% · 🌾 66.7%
Mangudai ×21
Match map
Initial resources + every placement click. Lines = walls · curves = elevation contours. ◆ gold · ⬟ stone · ● berries · ✦ relic · ◌ wall gap
Your base· Open — 7t gap
EXILE | Neany's base· Open — unwalled flank
HK | El Chairo's base· Open — unwalled flank
FMG | ToNGa_UY's base· Open — 5t gap
SHAKA14's base· Open — 2t gap
FMG | Sawasha Takohida's base· Open — unwalled flank
Smoothed initial terrain · ◌ = detected wall gap · hover for details
Inputs per minute
— FMG | GreatMaty - - EXILE | Neany
Build order — FMG | GreatMaty
147 actions detected in the replay
| 0:07 | Build | Town Center |
| 1:55 | Build | House |
| 2:24 | Create | Villager (Male) |
| 2:25 | Create | Villager (Male) |
| 2:25 | Create | Villager (Male) |
| 2:25 | Create | Villager (Male) |
| 2:26 | Create | Villager (Male) |
| 3:45 | Create | Villager (Male) |
| 3:45 | Create | Villager (Male) |
| 3:56 | Build | House |
| 4:16 | Build | Lumber Camp |
| 4:21 | Build | House |
| 4:24 | Create | Villager (Male) |
| 4:24 | Create | Villager (Male) |
| 4:50 | Create | Villager (Male) |
| 4:51 | Create | Villager (Male) |
| 4:53 | Build | House |
| 5:03 | Build | House |
| 5:09 | Create | Villager (Male) |
| 5:09 | Create | Villager (Male) |
| 5:18 | Build | House |
| 5:42 | Create | Villager (Male) |
| 6:03 | Build | Mill |
| 6:07 | Create | Villager (Male) |
| 6:08 | Create | Villager (Male) |
| 6:26 | Create | Villager (Male) |
| 6:26 | Create | Villager (Male) |
| 6:51 | Create | Villager (Male) |
| 6:56 | Build | House |
| 7:11 | Create | Villager (Male) |
| 7:34 | Create | Villager (Male) |
| 7:57 | Build | Barracks |
| 8:06 | Create | Villager (Male) |
| 8:10 | Build | Palisade Wall |
| 8:25 | Create | Villager (Male) |
| 8:25 | Create | Villager (Male) |
| 8:35 | Research | Loom |
| 9:13 | Research | Feudal Age |
| 9:13 | Research | Feudal Age |
| 9:32 | Create | Militia |
| 9:33 | Create | Militia |
| 9:35 | Build | House |
| 9:40 | Create | Militia |
| 10:04 | Create | Militia |
| 10:05 | Create | Militia |
| 10:32 | Create | Militia |
| 10:38 | Build | House |
| 11:07 | Create | Villager (Male) |
| 11:23 | Age | Feudal Age |
| 11:23 | Research | Man-at-Arms (upgrade) |
| 11:24 | Research | Man-at-Arms (upgrade) |
| 11:24 | Research | Man-at-Arms (upgrade) |
| 11:29 | Build | Archery Range |
| 11:48 | Create | Villager (Male) |
| 11:54 | Create | Villager (Male) |
| 12:14 | Create | Villager (Male) |
| 12:17 | Research | Arson |
| 12:18 | Research | Arson |
| 12:27 | Create | Villager (Male) |
| 12:27 | Create | Villager (Male) |
| 12:36 | Build | House |
| 12:46 | Create | Archer |
| 13:00 | Create | Villager (Male) |
| 13:00 | Create | Villager (Male) |
| 13:28 | Create | Villager (Male) |
| 13:32 | Create | Archer |
| 13:35 | Build | Blacksmith |
| 13:41 | Research | Double-Bit Axe |
| 13:45 | Build | House |
| 13:50 | Create | Villager (Male) |
| 13:51 | Create | Archer |
| 14:00 | Build | Palisade Wall |
| 14:01 | Build | Palisade Wall |
| 14:01 | Build | Palisade Wall |
| 14:01 | Build | Palisade Wall |
| 14:04 | Build | Palisade Wall |
| 14:09 | Create | Villager (Male) |
| 14:25 | Research | Fletching |
| 14:26 | Research | Fletching |
| 14:32 | Create | Archer |
| 14:42 | Create | Spearman |
| 14:44 | Create | Villager (Male) |
| 14:45 | Create | Villager (Male) |
| 15:05 | Create | Archer |
| 15:05 | Create | Villager (Male) |
| 15:31 | Create | Villager (Male) |
| 15:35 | Create | Villager (Male) |
| 15:37 | Build | House |
| 15:38 | Build | House |
| 15:46 | Build | Farm |
| 15:46 | Build | Farm |
| 15:46 | Build | Farm |
| 15:46 | Build | Farm |
| 15:46 | Build | Farm |
| 15:54 | Create | Archer |
| 15:54 | Create | Archer |
| 15:56 | Build | Palisade Wall |
| 16:08 | Create | Villager (Male) |
| 16:18 | Create | Villager (Male) |
| 16:19 | Create | Archer |
| 16:44 | Create | Villager (Male) |
| 16:51 | Build | House |
| 16:56 | Build | Mill |
| 17:03 | Create | Villager (Male) |
| 17:03 | Create | Archer |
| 17:05 | Build | Farm |
| 17:31 | Create | Villager (Male) |
| 17:32 | Create | Archer |
| 18:00 | Create | Villager (Male) |
| 18:08 | Create | Villager (Male) |
| 18:09 | Create | Archer |
| 18:13 | Build | Farm |
| 18:23 | Build | Palisade Wall |
| 18:34 | Build | Mill |
| 18:48 | Create | Archer |
| 19:09 | Create | Spearman |
| 19:41 | Research | Castle Age |
| 19:41 | Research | Castle Age |
| 19:57 | Create | Archer |
| 20:01 | Build | House |
| 20:07 | Research | Horse Collar |
| 20:09 | Build | House |
| 20:10 | Build | House |
| 20:27 | Create | Villager (Male) |
| 20:37 | Create | Archer |
| 20:43 | Build | Mill |
| 21:02 | Create | Archer |
| 21:07 | Create | Villager (Male) |
| 21:34 | Create | Villager (Male) |
| 21:39 | Build | Mill |
| 21:42 | Create | Archer |
| 22:21 | Age | Castle Age |
| 22:23 | Build | Siege Workshop |
| 22:28 | Build | Siege Workshop |
| 22:30 | Research | Bodkin Arrow |
| 22:30 | Research | Bodkin Arrow |
| 22:30 | Research | Crossbowman (upgrade) |
| 22:31 | Research | Crossbowman (upgrade) |
| 22:35 | Create | Villager (Male) |
| 23:04 | Create | Mangonel |
| 23:20 | Create | Spearman |
| 23:23 | Create | Archer |
| 23:52 | Create | Villager (Male) |
| 24:09 | Build | Town Center |
| 24:13 | Create | Villager (Male) |
| 24:51 | Create | Villager (Male) |
| 24:53 | Create | Villager (Male) |
Build order — EXILE | Neany
93 actions detected in the replay
| 1:32 | Build | Town Center |
| 3:24 | Research | Loom |
| 3:24 | Create | Villager (Male) |
| 3:24 | Create | Villager (Male) |
| 3:25 | Create | Villager (Male) |
| 3:39 | Create | Villager (Male) |
| 4:17 | Create | Villager (Male) |
| 4:33 | Create | Villager (Male) |
| 4:33 | Create | Villager (Male) |
| 5:10 | Create | Villager (Male) |
| 5:10 | Create | Villager (Male) |
| 5:58 | Create | Villager (Male) |
| 5:59 | Create | Villager (Male) |
| 5:59 | Create | Villager (Male) |
| 6:05 | Build | Lumber Camp |
| 6:35 | Create | Villager (Male) |
| 6:35 | Create | Villager (Male) |
| 6:35 | Create | Villager (Male) |
| 7:10 | Create | Villager (Male) |
| 7:10 | Create | Villager (Male) |
| 7:34 | Create | Villager (Male) |
| 7:35 | Create | Villager (Male) |
| 8:01 | Create | Villager (Male) |
| 8:29 | Create | Villager (Male) |
| 8:29 | Create | Villager (Male) |
| 8:30 | Create | Villager (Male) |
| 8:35 | Build | Mill |
| 9:02 | Create | Villager (Male) |
| 9:02 | Create | Villager (Male) |
| 10:40 | Create | Villager (Male) |
| 11:08 | Research | Feudal Age |
| 11:14 | Build | Barracks |
| 13:08 | Build | Lumber Camp |
| 13:29 | Age | Feudal Age |
| 13:33 | Build | Stable |
| 13:36 | Create | Villager (Male) |
| 13:45 | Create | Villager (Male) |
| 13:51 | Create | Villager (Male) |
| 14:00 | Create | Scout Cavalry |
| 14:01 | Create | Scout Cavalry |
| 14:02 | Create | Scout Cavalry |
| 15:03 | Build | Mining Camp |
| 15:04 | Create | Villager (Male) |
| 15:40 | Build | Blacksmith |
| 15:45 | Create | Scout Cavalry |
| 15:46 | Create | Scout Cavalry |
| 15:46 | Create | Scout Cavalry |
| 15:46 | Create | Scout Cavalry |
| 15:51 | Create | Villager (Male) |
| 16:06 | Build | Stone Wall |
| 16:20 | Create | Villager (Male) |
| 16:35 | Research | Double-Bit Axe |
| 16:52 | Build | Farm |
| 17:03 | Build | Lumber Camp |
| 17:15 | Create | Villager (Male) |
| 17:18 | Build | Farm |
| 17:45 | Create | Scout Cavalry |
| 17:45 | Create | Scout Cavalry |
| 18:16 | Create | Scout Cavalry |
| 18:21 | Research | Bloodlines |
| 18:32 | Build | Watch Tower |
| 18:46 | Create | Villager (Male) |
| 19:06 | Create | Scout Cavalry |
| 19:07 | Create | Scout Cavalry |
| 19:27 | Build | Stone Wall |
| 19:28 | Create | Villager (Male) |
| 19:45 | Build | Farm |
| 20:09 | Create | Villager (Male) |
| 20:15 | Build | Farm |
| 20:15 | Build | Farm |
| 20:15 | Build | Farm |
| 20:16 | Build | Farm |
| 20:31 | Create | Villager (Male) |
| 20:35 | Create | Villager (Male) |
| 20:35 | Create | Villager (Male) |
| 21:10 | Build | Farm |
| 21:18 | Create | Scout Cavalry |
| 21:19 | Create | Scout Cavalry |
| 21:45 | Create | Villager (Male) |
| 22:06 | Create | Villager (Male) |
| 22:08 | Create | Villager (Male) |
| 22:16 | Build | Mining Camp |
| 22:38 | Build | Farm |
| 23:02 | Build | Farm |
| 23:04 | Create | Villager (Male) |
| 23:09 | Create | Villager (Male) |
| 23:09 | Create | Villager (Male) |
| 23:10 | Create | Villager (Male) |
| 23:39 | Create | Villager (Male) |
| 23:57 | Build | Farm |
| 24:30 | Create | Scout Cavalry |
| 24:31 | Create | Scout Cavalry |
| 24:31 | Create | Scout Cavalry |
Build order — HK | El Chairo
113 actions detected in the replay
| 0:05 | Build | House |
| 0:13 | Build | Town Center |
| 2:03 | Build | Settlement |
| 2:15 | Create | Villager (Male) |
| 2:15 | Create | Villager (Male) |
| 2:16 | Create | Villager (Male) |
| 2:16 | Create | Villager (Male) |
| 2:16 | Create | Villager (Male) |
| 3:05 | Create | Villager (Male) |
| 3:27 | Create | Villager (Male) |
| 3:58 | Create | Villager (Male) |
| 4:45 | Create | Villager (Male) |
| 5:15 | Create | Villager (Male) |
| 5:15 | Create | Villager (Male) |
| 5:29 | Create | Villager (Male) |
| 5:36 | Build | Settlement |
| 5:39 | Create | Villager (Male) |
| 5:55 | Create | Villager (Male) |
| 6:07 | Build | Palisade Wall |
| 6:07 | Build | Palisade Wall |
| 6:09 | Create | Villager (Male) |
| 6:24 | Create | Villager (Male) |
| 6:48 | Create | Villager (Male) |
| 7:02 | Create | Villager (Male) |
| 7:12 | Build | House |
| 7:14 | Create | Villager (Male) |
| 7:27 | Create | Villager (Male) |
| 8:06 | Build | Settlement |
| 9:22 | Create | Villager (Male) |
| 9:35 | Create | Villager (Male) |
| 9:52 | Create | Villager (Male) |
| 10:14 | Research | Loom |
| 10:37 | Research | Feudal Age |
| 11:02 | Create | Villager (Male) |
| 12:45 | Build | House |
| 13:10 | Age | Feudal Age |
| 13:12 | Build | Market |
| 13:14 | Build | Blacksmith |
| 13:23 | Create | Villager (Male) |
| 13:52 | Research | Double-Bit Axe |
| 13:53 | Research | Double-Bit Axe |
| 14:02 | Research | Castle Age |
| 14:02 | Research | Castle Age |
| 14:31 | Create | Villager (Male) |
| 14:44 | Research | Horse Collar |
| 15:07 | Create | Villager (Male) |
| 15:30 | Build | Farm |
| 15:31 | Build | Farm |
| 15:37 | Build | Farm |
| 16:42 | Age | Castle Age |
| 16:45 | Build | Castle |
| 16:49 | Research | Bow Saw |
| 17:09 | Create | Villager (Male) |
| 17:19 | Build | Town Center |
| 17:28 | Create | Villager (Male) |
| 17:31 | Build | Farm |
| 17:32 | Create | Villager (Male) |
| 17:35 | Create | Villager (Male) |
| 17:37 | Build | Farm |
| 17:58 | Research | Fletching |
| 18:00 | Create | Unit 2579 |
| 18:00 | Create | Unit 2579 |
| 18:09 | Build | Farm |
| 18:19 | Create | Unit 2579 |
| 18:23 | Create | Villager (Male) |
| 18:24 | Create | Villager (Male) |
| 18:30 | Create | Unit 2579 |
| 18:40 | Build | Farm |
| 18:42 | Create | Unit 2579 |
| 18:48 | Create | Villager (Male) |
| 18:52 | Create | Villager (Male) |
| 18:53 | Create | Unit 2579 |
| 18:54 | Create | Unit 2579 |
| 19:20 | Build | Farm |
| 19:22 | Create | Villager (Male) |
| 19:22 | Create | Villager (Male) |
| 19:24 | Create | Unit 2579 |
| 19:24 | Create | Unit 2579 |
| 19:35 | Create | Unit 2579 |
| 19:46 | Create | Unit 2579 |
| 20:02 | Create | Unit 2579 |
| 20:29 | Create | Villager (Male) ×5 |
| 20:30 | Create | Villager (Male) |
| 20:49 | Research | Bodkin Arrow |
| 20:49 | Create | Villager (Male) |
| 21:08 | Create | Villager (Male) |
| 21:09 | Create | Villager (Male) ×2 |
| 21:42 | Create | Villager (Male) ×2 |
| 22:19 | Create | Unit 2579 |
| 22:20 | Create | Villager (Male) ×3 |
| 22:31 | Create | Villager (Male) |
| 22:33 | Create | Unit 2579 |
| 22:33 | Create | Unit 2579 |
| 22:35 | Create | Villager (Male) |
| 22:40 | Create | Villager (Male) ×2 |
| 22:42 | Build | Town Center |
| 22:51 | Create | Villager (Male) |
| 23:05 | Create | Villager (Male) |
| 23:16 | Create | Villager (Male) |
| 23:21 | Create | Villager (Male) |
| 23:24 | Build | Farm |
| 23:25 | Build | Farm |
| 23:31 | Create | Villager (Male) |
| 23:48 | Build | Farm |
| 23:54 | Create | Villager (Male) |
| 24:03 | Create | Unit 2579 |
| 24:10 | Create | Villager (Male) |
| 24:21 | Build | Farm |
| 24:21 | Build | Farm |
| 24:33 | Create | Unit 2579 |
| 24:34 | Create | Unit 2579 |
| 24:34 | Create | Villager (Male) |
| 24:39 | Create | Villager (Male) |
Build order — FMG | ToNGa_UY
150 actions detected in the replay
| 0:03 | Build | Town Center |
| 2:27 | Create | Villager (Male) |
| 2:27 | Create | Villager (Male) |
| 2:28 | Create | Villager (Male) |
| 2:28 | Create | Villager (Male) |
| 2:28 | Create | Villager (Male) |
| 2:32 | Build | House |
| 3:10 | Build | House |
| 3:28 | Create | Villager (Male) |
| 3:28 | Create | Villager (Male) |
| 4:08 | Create | Villager (Male) |
| 4:09 | Create | Villager (Male) |
| 4:19 | Create | Villager (Male) |
| 4:19 | Create | Villager (Male) |
| 4:46 | Create | Villager (Male) |
| 4:46 | Create | Villager (Male) |
| 5:00 | Build | Lumber Camp |
| 5:09 | Build | House |
| 5:13 | Create | Villager (Male) |
| 5:13 | Create | Villager (Male) |
| 5:42 | Build | House |
| 5:50 | Create | Villager (Male) |
| 5:51 | Create | Villager (Male) |
| 6:00 | Build | House |
| 6:09 | Create | Villager (Male) |
| 6:09 | Create | Villager (Male) |
| 6:38 | Build | House |
| 6:44 | Create | Villager (Male) |
| 6:44 | Create | Villager (Male) |
| 6:45 | Create | Villager (Male) |
| 6:53 | Build | House |
| 7:13 | Create | Villager (Male) |
| 7:13 | Create | Villager (Male) |
| 7:36 | Create | Villager (Male) |
| 7:36 | Create | Villager (Male) |
| 7:36 | Create | Villager (Male) |
| 7:53 | Build | Barracks |
| 8:11 | Create | Villager (Male) |
| 8:12 | Create | Villager (Male) |
| 8:15 | Build | House |
| 8:22 | Build | House |
| 9:04 | Create | Villager (Male) |
| 9:19 | Build | Mining Camp |
| 9:33 | Research | Loom |
| 9:45 | Research | Feudal Age |
| 10:19 | Create | Militia |
| 10:20 | Create | Militia |
| 10:20 | Create | Militia |
| 10:43 | Create | Militia |
| 10:43 | Create | Militia |
| 10:44 | Build | House |
| 11:03 | Create | Militia |
| 11:04 | Create | Militia |
| 12:08 | Age | Feudal Age |
| 12:09 | Research | Man-at-Arms (upgrade) |
| 12:09 | Research | Man-at-Arms (upgrade) |
| 12:10 | Create | Villager (Male) |
| 12:12 | Build | Archery Range |
| 12:30 | Create | Villager (Male) |
| 12:30 | Create | Villager (Male) |
| 13:01 | Create | Villager (Male) |
| 13:01 | Create | Villager (Male) |
| 13:01 | Create | Villager (Male) |
| 13:06 | Create | Archer |
| 13:06 | Create | Archer |
| 13:07 | Create | Archer |
| 13:15 | Create | Villager (Male) |
| 13:16 | Create | Villager (Male) |
| 13:19 | Build | House |
| 13:48 | Build | Mill |
| 13:54 | Create | Villager (Male) |
| 13:54 | Create | Villager (Male) |
| 13:54 | Create | Villager (Male) |
| 13:56 | Build | Blacksmith |
| 14:01 | Create | Archer |
| 14:31 | Create | Spearman |
| 14:36 | Build | House |
| 14:38 | Create | Archer |
| 14:39 | Create | Archer |
| 14:45 | Create | Spearman |
| 14:48 | Create | Villager (Male) |
| 14:48 | Create | Villager (Male) |
| 15:07 | Build | House |
| 15:32 | Create | Archer |
| 15:32 | Create | Archer |
| 15:33 | Create | Villager (Male) |
| 15:33 | Create | Villager (Male) |
| 15:34 | Build | House |
| 15:37 | Build | House |
| 15:40 | Build | House |
| 15:42 | Build | House |
| 15:44 | Build | Palisade Wall |
| 15:50 | Create | Villager (Male) |
| 15:50 | Create | Villager (Male) |
| 16:10 | Research | Fletching |
| 16:10 | Research | Fletching |
| 16:15 | Create | Villager (Male) |
| 16:27 | Build | Market |
| 17:02 | Create | Villager (Male) |
| 17:11 | Create | Archer |
| 17:11 | Create | Archer |
| 17:15 | Build | House |
| 17:18 | Build | House |
| 17:19 | Build | Palisade Wall |
| 17:20 | Build | Palisade Wall |
| 17:21 | Build | Palisade Wall |
| 17:30 | Create | Archer |
| 18:10 | Create | Villager (Male) |
| 18:11 | Create | Villager (Male) |
| 18:11 | Create | Villager (Male) |
| 18:14 | Build | Mill |
| 18:26 | Create | Archer |
| 19:48 | Research | Castle Age |
| 19:59 | Build | Mining Camp |
| 20:03 | Create | Archer |
| 20:04 | Create | Archer |
| 20:32 | Create | Archer |
| 21:10 | Create | Archer |
| 21:10 | Create | Archer |
| 21:24 | Build | Archery Range |
| 21:50 | Create | Archer |
| 21:50 | Create | Archer |
| 21:53 | Research | Double-Bit Axe |
| 22:05 | Create | Villager (Male) |
| 22:20 | Create | Archer |
| 22:21 | Create | Archer |
| 22:28 | Age | Castle Age |
| 22:30 | Build | Town Center |
| 22:31 | Research | Crossbowman (upgrade) |
| 22:40 | Research | Bodkin Arrow |
| 22:40 | Research | Bodkin Arrow |
| 22:41 | Research | Bodkin Arrow |
| 23:00 | Create | Villager (Male) |
| 23:06 | Create | Archer |
| 23:07 | Create | Archer |
| 23:07 | Create | Archer |
| 23:09 | Build | Palisade Wall |
| 23:12 | Build | Palisade Wall |
| 23:46 | Create | Villager (Male) |
| 23:46 | Create | Villager (Male) |
| 24:13 | Create | Archer |
| 24:13 | Create | Archer |
| 24:13 | Create | Archer |
| 24:15 | Create | Villager (Male) |
| 24:15 | Create | Villager (Male) |
| 24:21 | Create | Villager (Male) |
| 24:33 | Build | Town Center |
| 24:47 | Create | Villager (Male) |
| 24:48 | Create | Villager (Male) |
| 24:48 | Create | Villager (Male) |
Build order — SHAKA14
87 actions detected in the replay
| 0:03 | Build | Town Center |
| 2:13 | Create | Villager (Male) |
| 2:14 | Create | Villager (Male) |
| 2:40 | Create | Villager (Male) |
| 2:53 | Build | House |
| 3:02 | Create | Villager (Male) |
| 3:07 | Build | House |
| 3:11 | Research | Loom |
| 3:12 | Create | Villager (Male) |
| 3:35 | Create | Villager (Male) |
| 3:52 | Create | Villager (Male) |
| 4:00 | Create | Villager (Male) |
| 4:43 | Create | Villager (Male) |
| 4:51 | Build | Lumber Camp |
| 4:59 | Create | Villager (Male) |
| 5:13 | Build | House |
| 5:43 | Create | Villager (Male) |
| 6:26 | Create | Villager (Male) |
| 6:30 | Build | House |
| 6:40 | Create | Villager (Male) |
| 6:56 | Create | Villager (Male) |
| 7:09 | Create | Villager (Male) |
| 8:00 | Create | Villager (Male) |
| 8:30 | Build | Mill |
| 8:31 | Create | Villager (Male) |
| 8:51 | Create | Villager (Male) |
| 9:13 | Create | Villager (Male) |
| 9:19 | Build | House |
| 9:44 | Research | Feudal Age |
| 10:57 | Build | House |
| 11:11 | Create | Villager (Male) |
| 11:33 | Build | Palisade Wall |
| 11:34 | Build | Palisade Wall |
| 11:35 | Build | Palisade Wall |
| 11:36 | Build | Palisade Wall |
| 11:47 | Build | Palisade Wall |
| 11:50 | Build | Palisade Wall |
| 11:52 | Build | Palisade Wall |
| 12:01 | Age | Feudal Age |
| 12:08 | Build | House |
| 12:11 | Build | House |
| 12:39 | Create | Villager (Male) |
| 12:48 | Create | Villager (Male) |
| 13:32 | Build | Archery Range |
| 13:36 | Create | Villager (Male) |
| 13:51 | Create | Villager (Male) |
| 13:58 | Create | Archer |
| 14:25 | Create | Villager (Male) |
| 14:34 | Create | Archer |
| 14:44 | Create | Villager (Male) |
| 15:39 | Build | Lumber Camp |
| 15:45 | Create | Villager (Male) |
| 16:48 | Create | Archer |
| 16:48 | Create | Archer |
| 16:52 | Build | House |
| 17:11 | Build | House |
| 17:33 | Build | Watch Tower |
| 17:37 | Build | House |
| 17:39 | Build | House |
| 17:46 | Build | Palisade Wall |
| 17:50 | Build | House |
| 17:57 | Build | Palisade Wall |
| 17:59 | Build | Palisade Wall |
| 17:59 | Build | Palisade Wall |
| 18:12 | Create | Villager (Male) |
| 18:16 | Create | Villager (Male) |
| 18:48 | Create | Villager (Male) |
| 18:53 | Create | Villager (Male) |
| 19:02 | Build | Watch Tower |
| 19:43 | Create | Villager (Male) |
| 19:49 | Build | Blacksmith |
| 20:07 | Create | Villager (Male) |
| 20:13 | Create | Villager (Male) |
| 20:21 | Research | Fletching |
| 20:24 | Build | Mill |
| 20:40 | Create | Villager (Male) |
| 20:48 | Create | Villager (Male) |
| 21:31 | Build | Watch Tower |
| 21:44 | Create | Villager (Male) |
| 21:58 | Create | Villager (Male) |
| 22:03 | Create | Villager (Male) |
| 22:20 | Build | Market |
| 22:22 | Create | Villager (Male) |
| 23:19 | Create | Villager (Male) |
| 23:32 | Build | Farm |
| 23:34 | Create | Villager (Male) |
| 24:18 | Research | Castle Age |
Build order — FMG | Sawasha Takohida
138 actions detected in the replay
| 0:23 | Build | Town Center |
| 2:30 | Build | House |
| 2:44 | Create | Villager (Male) |
| 2:44 | Create | Villager (Male) |
| 2:44 | Create | Villager (Male) |
| 2:45 | Create | Villager (Male) |
| 4:15 | Create | Villager (Male) |
| 4:15 | Create | Villager (Male) |
| 4:15 | Create | Villager (Male) |
| 4:26 | Build | House |
| 4:44 | Build | House |
| 4:56 | Build | Lumber Camp |
| 5:04 | Build | House |
| 5:16 | Create | Villager (Male) |
| 5:16 | Create | Villager (Male) |
| 5:16 | Create | Villager (Male) |
| 5:46 | Build | House |
| 6:00 | Build | House |
| 6:14 | Build | House |
| 6:27 | Create | Villager (Male) |
| 6:27 | Create | Villager (Male) |
| 6:28 | Create | Villager (Male) |
| 6:45 | Create | Villager (Male) |
| 6:45 | Create | Villager (Male) |
| 6:51 | Create | Villager (Male) |
| 6:52 | Create | Villager (Male) |
| 7:03 | Build | House |
| 7:29 | Build | House |
| 7:36 | Build | Mill |
| 7:38 | Create | Villager (Male) |
| 7:40 | Build | House |
| 8:04 | Create | Villager (Male) |
| 8:44 | Build | House |
| 8:50 | Create | Villager (Male) |
| 9:23 | Build | Mining Camp |
| 9:28 | Create | Villager (Male) |
| 9:36 | Build | House |
| 9:41 | Research | Feudal Age |
| 9:41 | Research | Feudal Age |
| 9:50 | Build | House |
| 10:18 | Create | Villager (Male) |
| 11:08 | Create | Villager (Male) |
| 12:03 | Age | Feudal Age |
| 12:06 | Build | Market |
| 12:08 | Build | Blacksmith |
| 12:11 | Create | Villager (Male) |
| 12:31 | Build | House |
| 12:45 | Build | House |
| 13:06 | Build | House |
| 13:22 | Create | Villager (Male) |
| 13:39 | Research | Loom |
| 14:15 | Research | Castle Age |
| 14:16 | Research | Castle Age |
| 14:17 | Research | Double-Bit Axe |
| 14:18 | Research | Double-Bit Axe |
| 15:57 | Build | House |
| 16:43 | Create | Villager (Male) |
| 16:55 | Age | Castle Age |
| 17:00 | Build | Castle |
| 17:06 | Create | Villager (Male) |
| 17:23 | Create | Villager (Male) |
| 17:49 | Build | Town Center |
| 17:55 | Create | Mangudai |
| 17:56 | Create | Villager (Male) |
| 17:58 | Research | Fletching |
| 17:58 | Research | Fletching |
| 18:04 | Create | Villager (Male) |
| 18:15 | Create | Mangudai |
| 18:16 | Create | Villager (Male) |
| 18:30 | Create | Mangudai |
| 18:42 | Create | Villager (Male) |
| 18:47 | Create | Villager (Male) |
| 18:50 | Create | Villager (Male) |
| 18:52 | Create | Mangudai |
| 18:53 | Create | Villager (Male) |
| 19:18 | Create | Mangudai |
| 19:19 | Create | Villager (Male) |
| 19:19 | Create | Villager (Male) |
| 19:30 | Create | Villager (Male) |
| 19:49 | Create | Villager (Male) |
| 19:50 | Create | Mangudai |
| 19:52 | Create | Villager (Male) |
| 19:59 | Create | Mangudai |
| 20:23 | Create | Villager (Male) |
| 20:26 | Create | Villager (Male) |
| 20:26 | Create | Mangudai |
| 20:29 | Create | Villager (Male) |
| 20:42 | Create | Villager (Male) |
| 20:49 | Create | Villager (Male) |
| 21:07 | Create | Mangudai |
| 21:08 | Create | Villager (Male) |
| 21:09 | Research | Padded Archer Armor |
| 21:18 | Research | Bodkin Arrow |
| 21:18 | Research | Bodkin Arrow |
| 21:22 | Create | Mangudai |
| 21:39 | Create | Mangudai |
| 21:43 | Create | Villager (Male) |
| 21:48 | Research | Padded Archer Armor |
| 21:49 | Create | Villager (Male) |
| 21:50 | Create | Villager (Male) |
| 22:30 | Create | Mangudai |
| 22:31 | Create | Mangudai |
| 22:33 | Build | Farm |
| 22:34 | Create | Villager (Male) |
| 22:36 | Build | Farm |
| 22:39 | Create | Villager (Male) |
| 22:40 | Create | Villager (Male) |
| 22:40 | Create | Villager (Male) |
| 22:44 | Create | Mangudai |
| 22:54 | Create | Villager (Male) |
| 22:56 | Create | Villager (Male) |
| 22:59 | Create | Villager (Male) |
| 23:01 | Create | Mangudai |
| 23:07 | Create | Villager (Male) |
| 23:09 | Create | Villager (Male) |
| 23:10 | Build | House |
| 23:14 | Build | Town Center |
| 23:19 | Create | Villager (Male) |
| 23:29 | Create | Mangudai |
| 23:32 | Build | Farm |
| 23:33 | Build | Farm |
| 23:33 | Build | Farm |
| 23:33 | Build | Farm |
| 23:33 | Build | Farm |
| 23:39 | Create | Villager (Male) |
| 23:46 | Create | Villager (Male) |
| 23:55 | Create | Mangudai |
| 24:01 | Build | Farm |
| 24:03 | Build | Farm |
| 24:15 | Create | Villager (Male) |
| 24:36 | Create | Villager (Male) |
| 24:43 | Create | Mangudai |
| 24:43 | Create | Mangudai |
| 24:45 | Build | Farm |
| 24:47 | Build | Farm |
| 24:51 | Create | Villager (Male) |
| 24:54 | Create | Mangudai |
| 24:54 | Create | Mangudai |
Match timeline
| 6:07 | HK | El Chairo · wall_segment Palisade Wall x1 |
| 6:07 | HK | El Chairo · wall_segment Palisade Wall x1 |
| 7:53 | FMG | ToNGa_UY · first_building Barracks |
| 7:57 | FMG | GreatMaty · first_building Barracks |
| 8:10 | FMG | GreatMaty · wall_segment Palisade Wall x1 |
| 11:14 | EXILE | Neany · first_building Barracks |
| 11:23 | FMG | GreatMaty · age_up feudal |
| 11:29 | FMG | GreatMaty · first_building Archery Range |
| 11:33 | SHAKA14 · wall_segment Palisade Wall x1 |
| 11:34 | SHAKA14 · wall_segment Palisade Wall x1 |
| 11:35 | SHAKA14 · wall_segment Palisade Wall x1 |
| 11:36 | SHAKA14 · wall_segment Palisade Wall x3 |
| 11:47 | SHAKA14 · wall_segment Palisade Wall x1 |
| 11:50 | SHAKA14 · wall_segment Palisade Wall x5 |
| 11:52 | SHAKA14 · wall_segment Palisade Wall x9 |
| 12:01 | SHAKA14 · age_up feudal |
| 12:03 | FMG | Sawasha Takohida · age_up feudal |
| 12:08 | FMG | ToNGa_UY · age_up feudal |
| 12:12 | FMG | ToNGa_UY · first_building Archery Range |
| 13:10 | HK | El Chairo · age_up feudal |
| 13:29 | EXILE | Neany · age_up feudal |
| 13:32 | SHAKA14 · first_building Archery Range |
| 13:33 | EXILE | Neany · first_building Stable |
| 14:00 | FMG | GreatMaty · wall_segment Palisade Wall x1 |
| 14:01 | FMG | GreatMaty · wall_segment Palisade Wall x1 |
| 14:01 | FMG | GreatMaty · wall_segment Palisade Wall x1 |
| 14:01 | FMG | GreatMaty · wall_segment Palisade Wall x1 |
| 14:04 | FMG | GreatMaty · wall_segment Palisade Wall x1 |
| 15:44 | FMG | ToNGa_UY · wall_segment Palisade Wall x1 |
| 15:49 | HK | El Chairo · first_market_buy 100 stone |
| 15:56 | FMG | GreatMaty · wall_segment Palisade Wall x1 |
| 16:06 | EXILE | Neany · wall_segment Stone Wall x19 |
| 16:42 | HK | El Chairo · age_up castle |
| 16:45 | HK | El Chairo · first_building Castle |
| 16:55 | FMG | Sawasha Takohida · age_up castle |
| 17:00 | FMG | Sawasha Takohida · first_building Castle |
| 17:19 | FMG | ToNGa_UY · wall_segment Palisade Wall x1 |
| 17:20 | FMG | ToNGa_UY · wall_segment Palisade Wall x1 |
| 17:21 | FMG | ToNGa_UY · wall_segment Palisade Wall x1 |
| 17:35 | FMG | ToNGa_UY · first_market_sell 500 stone |
| 17:46 | SHAKA14 · wall_segment Palisade Wall x1 |
| 17:57 | SHAKA14 · wall_segment Palisade Wall x3 |
| 17:59 | SHAKA14 · wall_segment Palisade Wall x1 |
| 17:59 | SHAKA14 · wall_segment Palisade Wall x1 |
| 18:23 | FMG | GreatMaty · wall_segment Palisade Wall x1 |
| 18:27 | FMG | ToNGa_UY · first_market_buy 100 food |
| 19:27 | EXILE | Neany · wall_segment Stone Wall x5 |
| 20:48 | HK | El Chairo · first_market_sell 100 wood |
| 22:21 | FMG | GreatMaty · age_up castle |
| 22:23 | FMG | GreatMaty · first_building Siege Workshop |
| 22:28 | FMG | ToNGa_UY · age_up castle |
| 23:09 | FMG | ToNGa_UY · wall_segment Palisade Wall x1 |
| 23:12 | FMG | ToNGa_UY · wall_segment Palisade Wall x1 |
| 24:15 | SHAKA14 · first_market_buy 500 food |
| 24:47 | HK | El Chairo · resign |
[ AI ANALYSIS · 1 CREDIT ]
What really happened in this match?
Wolo.gg analyzes every decision: build order, eco, micro, common mistakes by bracket. Personalized analysis on WhatsApp or Discord in 30 seconds.
Civ guide
Japanese
Perfil
GreatMaty